 Dungeon Crawl Stone Soup version 0.20-a0-270-g8e735b6 (webtiles) character file.

7278 KristoblXynda the Cleaver (level 10, -1/70 HPs)
             Began as a Demonspawn Berserker on Dec 10, 2016.
             Was an Elder of Trog.
             Slain by an orc warrior
             ... wielding a +2 long sword of slicing
              (8 damage)
             ... on level 9 of the Dungeon.
             The game lasted 00:23:20 (11362 turns).

KristoblXynda the Cleaver (Demonspawn Berserker)   Turns: 11362, Time: 00:23:21

Health: -1/70      AC: 17    Str: 18    XL:     10   Next: 89%
Magic:  14/14      EV:  8    Int: 11    God:    Trog [****..]
Gold:   542        SH:  0    Dex: 13    Spells: 9/9 levels left

rFire  + . .     SeeInvis +     f - +1 war axe (freeze)
rCold  + + .     Gourm    .     M - +0 plate armour {rC+}
rNeg   . . .     Faith    .     (no shield)
rPois  +         Spirit   .     (helmet unavailable)
rElec  .         Reflect  .     F - +0 cloak {rPois}
rCorr  .         Harm     .     r - +1 pair of gloves
MR     .....                    (no boots)
Stlth  ..........               (no amulet)
                                z - ring of fire
                                o - ring of protection from cold

@: exhausted, slowed, drained, very slow
A: antennae 3, cold resistance 1, powered by pain 1, freezing cloud immunity,
sturdy frame 2
a: Berserk, Trog's Hand, Brothers in Arms, Burn Spellbooks, Renounce Religion


You were on level 9 of the Dungeon.
You worshipped Trog.
Trog was greatly pleased with you.
You were hungry.

You visited 2 branches of the dungeon, and saw 10 of its levels.

You collected 598 gold pieces.
You spent 56 gold pieces at shops.

Inventory:

Hand Weapons
 f - a +1 war axe of freezing (weapon)
 B - a +0 whip of freezing
Missiles
 d - a throwing net (quivered)
 I - 5 javelins of penetration
Armour
 r - a +1 pair of gloves (worn)
 F - a +0 cloak of poison resistance (worn)
 M - a +0 plate armour of cold resistance (worn)
Jewellery
 o - a ring of protection from cold (left hand)
 z - a ring of fire (right hand)
Wands
 a - a wand of digging (14/24)
 q - a wand of acid (1/15)
 x - a wand of hasting (1/9)
 y - a wand of lightning (11/15)
 L - a wand of acid (3/15)
Scrolls
 b - a scroll of recharging
 g - a scroll of fear
 l - 2 scrolls of remove curse
 m - a scroll of teleportation
 s - 3 scrolls of fog
 H - a scroll of magic mapping
Potions
 e - a potion of magic
 h - 3 potions of haste
 j - 2 potions of agility
 p - a potion of mutation
 u - a potion of lignification
 v - 3 potions of flight
 A - a potion of might
 C - a potion of ambrosia {unknown}
 G - a potion of curing
 K - 2 potions of berserk rage
Books
 n - a book of Debilitation

   Spells                             Type                      Level
   a - Corona                         Hexes                        1
   b - Slow                           Hexes                        2
   c - Gell's Gravitas                Hexes/Translocation          3
   d - Inner Flame                    Hexes/Fire                   3
   e - Cause Fear                     Hexes                        4
   f - Leda's Liquefaction            Hexes/Earth                  4
   Trog disapproves of the use of such an item.
 D - a book of Minor Magic

   Spells                             Type                      Level
   a - Magic Dart                     Conjuration                  1
   b - Blink                          Translocation                2
   c - Call Imp                       Summoning                    2
   d - Repel Missiles                 Charms/Air                   2
   e - Slow                           Hexes                        2
   f - Conjure Flame                  Conjuration/Fire             3
   g - Mephitic Cloud                 Conjuration/Poison/Air       3
   Trog disapproves of the use of such an item.
Comestibles
 c - 3 bread rations
 i - 2 beef jerkies
 w - 2 slices of pizza
 E - a meat ration
 N - a chunk of flesh


   Skills:
 - Level 3.0(2.0) Fighting
 + Level 10.6(9.4) Axes
 - Level 2.3(1.3) Throwing
 + Level 9.4(8.3) Armour
 - Level 3.0(2.0) Dodging
 - Level 6.0(5.0) Evocations


You had 9 spell levels left.
You didn't know any spells.

Dungeon Overview and Level Annotations

Branches:
Dungeon (9/15)             Temple (1/1) D:5
   Lair: D:8-11         Orc: D:9-12

Altars:
Ashenzari
Cheibriados
Dithmenos
Elyvilon
Fedhas
Gozag
Hepliaklqana
Kikubaaqudgha
Makhleb
Nemelex Xobeh
Okawaru
Qazlal
Ru
Sif Muna
Trog
Uskayaw
Vehumet
Xom
Yredelemnul
Zin
The Shining One

Shops:
D:6 ?   D:9 :


Innate Abilities, Weirdness & Mutations

You have a pair of large antennae on your head. (SInv)
Your flesh is cold resistant. (rC+)
You sometimes gain a little power by taking damage.
You are immune to freezing clouds.
Your movements are less encumbered by armour. (ER -4)


Message History

The orc wizard seems to speed up.
The orc warrior hits you with a long sword of slicing!
* * * LOW HITPOINT WARNING * * *
x2 You hit the orc warrior but do no damage.
The orc wizard mumbles some strange words.
The orc wizard gestures wildly while chanting.
The orc wizard blinks!
The orc warrior hits you with a long sword of slicing.
* * * LOW HITPOINT WARNING * * *
x2 You slash the orc warrior!
You freeze the orc warrior.
The orc warrior is moderately wounded.
The orc wizard casts a spell.
The orc wizard blinks!
The orc warrior hits you but does no damage.
You're too exhausted to go berserk.
You barely miss the orc warrior.
The orc warrior is moderately wounded.
The orc warrior completely misses you.
The orc warrior hits you with a long sword of slicing!
You die...

#### ####### #
##8###8###8##
...#...#...#...##
...........{..§.##
.............))).#
..(.......o..)..o#
...#...#...#..)#o#
# ##8###8###.##o#
## ########@#
#)..)..).#
##()†..#.#
##...##.#
#######)###
#######
.......(..#
....).#
.#......#.#
#####.#
#.#.#..#.#.#
..>##.#
#.#...#....#


You could see an orc warrior and 2 orcs.

Vanquished Creatures
  Erica (D:8)
  Pikel (D:7)
  A two-headed ogre (D:8)
  Grinder (D:3)
  2 hippogriffs
  Prince Ribbit (D:9)
  3 vampire mosquitoes (D:9)
  Grum (D:9)
  A water moccasin (D:5)
  Duvessa (D:7)
  3 orc warriors (D:9)
  2 ice beasts (D:8)
  A hornet zombie (D:8)
  2 phantoms (D:5)
  The ghost of Lochraine the Skirmisher, an amateur FoAK of Lugonu (D:3)
  A black bear (D:7)
  3 wolves (D:9)
  A crocodile (D:7)
  5 ogres
  2 bullfrogs
  Dowan (D:7)
  4 scorpions
  A water moccasin skeleton (D:8)
  6 killer bees (D:7)
  9 wights
  4 howler monkeys
  5 crimson imps
  4 orc priests
  5 hounds
  4 jellies
  Crazy Yiuf (D:6)
  A centaur skeleton (D:6)
  12 orc wizards
  5 iguanas
  Jessica (D:3)
  Natasha (thrice) (D:3)
  10 worker ants
  A hound zombie (D:8)
  A worker ant zombie (D:6)
  A gnoll (D:5)
  12 adders
  An ooze (D:5)
  An adder zombie (D:7)
  3 worms
  3 leopard geckos
  33 orcs
  2 ball pythons (D:1)
  5 giant cockroaches
  7 goblins
  6 hobgoblins
  10 jackals
  5 kobolds
  2 quokkas
  6 bats
  6 frilled lizards
  A jackal skeleton (D:8)
  A jackal zombie (D:8)
  A leopard gecko skeleton (D:6)
  A quokka skeleton (D:4)
  5 rats
224 creatures vanquished.

Vanquished Creatures (others)
  A slave (D:7)
  A hound zombie (D:7)
2 creatures vanquished.

Grand Total: 226 creatures vanquished

Notes
Turn   | Place    | Note
-------+----------+-------------------------------------------
     0 | D:1      | KristoblXynda the Demonspawn Berserker began the quest for the Orb.
     0 | D:1      | Reached XP level 1. HP: 18/18 MP: 1/1
   144 | D:1      | Reached skill level 3 in Axes
   144 | D:1      | Gained mutation: Your flesh is cold resistant. (rC+) [demonic ancestry]
   144 | D:1      | Reached XP level 2. HP: 14/24 MP: 2/2
  1788 | D:2      | Gained mutation: You sometimes gain a little power by taking damage. [demonic ancestry]
  1788 | D:2      | Reached XP level 3. HP: 16/29 MP: 3/3
  2101 | D:2      | Found a basalt altar of Yredelemnul.
  2485 | D:2      | Reached ** piety under Trog
  2825 | D:2      | Found a sparkling altar of Nemelex Xobeh.
  2924 | D:3      | Noticed Grinder
  2924 | D:3      | Noticed Lochraine's ghost (amateur FoAK)
  3003 | D:3      | Killed Lochraine's ghost
  3003 | D:3      | Reached skill level 4 in Axes
  3003 | D:3      | Gained mutation: Your movements are slightly less encumbered by armour. (ER -2) [demonic ancestry]
  3003 | D:3      | Reached XP level 4. HP: 34/35 MP: 4/4
  3003 | D:3      | Gained mutation: Your movements are less encumbered by armour. (ER -4) [demonic ancestry]
  3003 | D:3      | Reached XP level 5. HP: 40/41 MP: 5/5
  3420 | D:3      | Killed Grinder
  3420 | D:3      | Reached skill level 5 in Axes
  3420 | D:3      | Gained mutation: You have a pair of small antennae on your head. [demonic ancestry]
  3420 | D:3      | Reached XP level 6. HP: 33/47 MP: 6/6
  3561 | D:3      | Noticed Jessica
  3562 | D:3      | Noticed Natasha
  3566 | D:3      | Killed Jessica
  3572 | D:3      | Killed Natasha
  3654 | D:3      | Noticed Natasha
  3663 | D:3      | Killed Natasha
  3663 | D:3      | Gained mutation: You have a pair of antennae on your head. [demonic ancestry]
  3663 | D:3      | Reached XP level 7. HP: 49/52 MP: 7/7
  3683 | D:3      | Found a shattered altar of Ashenzari.
  3787 | D:3      | Noticed Natasha
  3803 | D:3      | Killed Natasha
  3862 | D:4      | Reached skill level 6 in Axes
  4687 | D:4      | Found a blossoming altar of Fedhas.
  5070 | D:5      | Entered Level 5 of the Dungeon
  5147 | D:5      | Reached skill level 7 in Axes
  5212 | D:5      | Reached skill level 1 in Throwing
  5212 | D:5      | Reached skill level 5 in Armour
  5212 | D:5      | Reached XP level 8. HP: 58/58 MP: 8/8
  5432 | D:5      | Found a staircase to the Ecumenical Temple.
  5458 | Temple   | Entered the Ecumenical Temple
  6514 | D:5      | Reached *** piety under Trog
  6644 | D:5      | Reached skill level 1 in Evocations
  7177 | D:6      | Reached skill level 8 in Axes
  7245 | D:6      | Gained mutation: You have a pair of large antennae on your head. (SInv) [demonic ancestry]
  7245 | D:6      | Reached XP level 9. HP: 54/63 MP: 11/11
  7358 | D:6      | Found Noyrag's Magic Scroll Shoppe.
  7371 | D:6      | Bought a scroll of identify for 28 gold pieces
  7371 | D:6      | Bought a scroll of identify for 28 gold pieces
  7494 | D:6      | Found a deep blue altar of Sif Muna.
  8012 | D:6      | Found a runed door.
  8121 | D:6      | Found a hide-covered altar of Uskayaw.
  8121 | D:6      | Found a shadowy altar of Dithmenos.
  8166 | D:6      | Noticed Crazy Yiuf
  8171 | D:6      | Killed Crazy Yiuf
  8505 | D:7      | Found a sacrificial altar of Ru.
  8571 | D:7      | Noticed Duvessa
  8578 | D:7      | Killed Duvessa
  8583 | D:7      | Noticed Dowan
  8626 | D:7      | Noticed Pikel
  8645 | D:7      | Killed Pikel
  8645 | D:7      | Reached skill level 9 in Axes
  8689 | D:7      | Reached skill level 5 in Evocations
  8723 | D:7      | Killed Dowan
  9485 | D:8      | Reached **** piety under Trog
  9497 | D:8      | Gained mutation: You are immune to freezing clouds. [demonic ancestry]
  9497 | D:8      | Reached XP level 10. HP: 64/70 MP: 14/14
 10127 | D:8      | Noticed Erica
 10138 | D:8      | Killed Erica
 10138 | D:8      | Reached skill level 10 in Axes
 10365 | D:9      | Found Qaab's Book Boutique.
 10379 | D:9      | Received a gift from Trog
 10458 | D:9      | Noticed Prince Ribbit
 10466 | D:9      | Killed Prince Ribbit
 10925 | D:9      | Found a blossoming altar of Fedhas.
 11171 | D:9      | Noticed Grum
 11185 | D:9      | Killed Grum
 11289 | D:9      | Received a gift from Trog
 11362 | D:9      | Slain by an orc warrior

Vault maps used:
D:1:      kennysheep_arrival_forest, st_stairs_11
D:2:      overflow_temple_1_default, lemuel_coloured_pillars_altar
D:3:      lemuel_doored_altar, uniq_natasha, uniq_jessica, uniq_grinder
D:4:      kennysheep_mini_moat, interstate_on_off
D:5:      wad_river_or_something, first_bread
D:6:      gammafunk_temple_overflow_pools, serial_shops,
          nicolae_shop_waterfront, lemuel_blue_sif_altar,
          uniq_crazy_yiuf_cottage
D:7:      nicolae_ru_path_of_blood, uniq_duvessa, uniq_pikel
D:8:      uniq_erica
D:9:      david_orc_4, basic_altar, serial_shops, shop,
          minmay_misc_feat_diagonals, uniq_grum, uniq_prince_ribbit1
Temple:   regret_index_temple_waves

Skill      XL: |  1  2  3  4  5  6  7  8  9 10 |
---------------+-------------------------------+-----
Dodging        | 2 3 |  3.0
Axes           | 3 4 5 7 8 9 10 | 10.6
Armour         | 2 3 5 6 7 9 |  9.4
Throwing       | 1 2 |  2.3
Evocations     | 2 5 6 |  6.0
Fighting       | |  3.0

Action                   |  1- 3 |  4- 6 |  7- 9 | 10-12 || total
-------------------------+-------+-------+-------+-------++-------
Melee: Hand axe          |   190 |    99 |   456 |       ||   745
       War axe           |       |       |   158 |   243 ||   401
Invok: Trog's Hand       |     2 |     1 |     1 |     1 ||     5
       Berserk           |     1 |     2 |    10 |     6 ||    19
Evoke: Wand              |       |       |     1 |       ||     1
  Use: Potion            |       |     2 |     2 |     2 ||     6
       Scroll            |       |       |    22 |     4 ||    26
 Stab: Distracted        |       |       |     2 |       ||     2
  Eat: Chunk             |     7 |     6 |    10 |     9 ||    32
       Bread ration      |       |       |     1 |       ||     1
       Beef jerky        |       |       |     1 |       ||     1
       Fruit             |       |       |     4 |       ||     4
       Meat ration       |       |       |     2 |       ||     2
       Pizza             |       |       |     1 |       ||     1
Armor: Animal skin       |     6 |       |       |       ||     6
       Ring mail         |    21 |       |       |       ||    21
       Chain mail        |     6 |    30 |   323 |    59 ||   418
       Scale mail        |    33 |    20 |       |       ||    53
       Plate armour      |       |       |       |    95 ||    95
Dodge: Dodged            |   113 |    62 |   297 |   147 ||   619
